Map: [ESL] Inside and Out

Players

SKillous

  • Race: Protoss Protoss
  • Spawn Location: 1:00

Ryung - Winner!

  • Race: Terran Terran
  • Spawn Location: 7:00

Event: TSL 9

VOD

Have the link to the VOD?

Description

Time

  • Played on: July 31, 2022, 9:45 a.m.
  • Length: 21:26

All games in this series

Show
View Real Time Build Order
Export as new Build Order

SKillous Protoss 

Build Orders: 1 Gate Expand, Phoenix Opening, Blink Stalkers 

Get SALT Encoding   

  12  0:00  Probe  
  13  0:12  Probe  
  14  0:17  Pylon  
  14  0:24  Probe  
  15  0:35  Gateway  
  15  0:37  Probe (Chrono Boost)  
  16  0:46  Probe (Chrono Boost), Assimilator  
  17  0:51  Probe (Chrono Boost)  
  18  1:03  Probe  
  19  1:15  Probe  
  20  1:23  Cybernetics Core  
  20  1:33  Nexus  
  20  1:40  Pylon  
  20  1:43  Probe  
  21  1:50  Assimilator  
  21  1:55  Probe  
  21  1:56  Adept (Chrono Boost)  
  24  2:02  Warp Gate  
  24  2:08  Probe (Chrono Boost)  
  25  2:17  Probe (Chrono Boost)  
  25  2:19  Sentry  
  25  2:22  Probe (Chrono Boost)  
  29  2:34  Probe  
  29  2:38  Twilight Council  
  29  2:46  Probe (Chrono Boost)  
  29  2:47  Stalker  
  33  2:52  Phoenix, Probe (Chrono Boost)  
  33  2:56  Probe (Chrono Boost)  
  35  2:58  Shield Battery  
  35  2:59  Probe (Chrono Boost)  
  35  3:01  Probe (Chrono Boost)  
  36  3:09  Gateway  
  36  3:10  Probe  
  36  3:11  Blink (Chrono Boost)  
  37  3:13  Probe  
  38  3:22  Probe  
  38  3:25  Probe  
  40  3:34  Probe  
  40  3:35  Pylon  
  40  3:39  Probe  
  40  3:40  Gateway  
  42  3:47  Probe  
  43  3:50  Stalker  
  43  3:51  Probe  
  46  4:03  Nexus  
  46  4:07  Stalker  
  46  4:09  Probe  
  49  4:10  Probe  
  49  4:17  Pylon  
  50  4:18  Stalker  
  50  4:22  Probe  
  50  4:23  Assimilator  
  53  4:24  Probe  
  54  4:32  Pylon  
  54  4:35  Probe  
  54  4:36  Sentry  
  54  4:37  Stalker  
  59  4:39  Shield Battery  
  59  4:42  Probe  
  60  4:48  Forge  
  60  4:50  Probe  
  61  4:55  Probe  
  61  4:58  Stalker  
  64  5:02  Probe  
  64  5:04  Pylon  
  64  5:06  Stalker x2  
  66  5:15  Probe x2  
  66  5:20  Protoss Ground Weapons Level 1 (Chrono Boost)  
  62  5:23  Probe  
  62  5:25  Stalker  
  65  5:28  Shield Battery  
  65  5:29  Stalker x2  
  65  5:34  Charge  
  70  5:35  Probe  
  70  5:37  Probe  
  70  5:40  Probe  
  72  5:47  Probe  
  73  5:51  Probe (Chrono Boost)  
  73  5:52  Gateway  
  73  5:53  Gateway  
  73  5:54  Sentry  
  73  5:55  Probe (Chrono Boost)  
  77  5:58  Gateway  
  78  6:06  Probe (Chrono Boost)  
  78  6:07  Gateway  
  78  6:08  Gateway  
  78  6:09  Probe x2 (Chrono Boost)  
  80  6:13  Probe (Chrono Boost)  
  80  6:14  Robotics Facility  
  81  6:19  Probe  
  81  6:20  Probe  
  81  6:21  Pylon  
  81  6:23  Assimilator  
  81  6:24  Stalker  
  85  6:27  Pylon  
  85  6:29  Probe  
  86  6:37  Probe, Pylon  
  87  6:40  Zealot x2  
  87  6:44  Pylon  
  87  6:45  Pylon  
  91  6:47  Stalker  
  91  6:48  Stalker  
  91  6:49  Zealot  
  97  6:58  Stalker  
  99  7:01  Protoss Ground Armor Level 1 (Chrono Boost)  
  99  7:06  Stalker  
  101  7:10  Shield Battery  
  101  7:12  Photon Cannon, Pylon  
  101  7:14  Gateway  
  101  7:18  Observer (Chrono Boost), Probe x2  
  101  7:19  Gateway  
  101  7:20  Robotics Bay, Probe  
  101  7:22  Assimilator  
  103  7:27  Zealot x3  
  109  7:31  Assimilator  
  109  7:34  Zealot, Pylon  
  109  7:36  Observer (Chrono Boost)  
  112  7:43  Zealot x4  
  97  7:56  Zealot x4  
  97  7:57  Probe  
  98  8:06  Stalker x4  
  96  8:17  Zealot x5  
  99  8:20  Colossus (Chrono Boost)  
  102  8:29  Pylon  
  102  8:32  Sentry  
  104  8:41  Probe  
  104  8:43  Robotics Facility, Probe  
  104  8:46  Extended Thermal Lance  
  104  8:48  Observer  
  106  8:54  Zealot x7  
  120  9:03  Colossus (Chrono Boost)  
  120  9:06  Photon Cannon  
  120  9:08  Probe  
  122  9:10  Probe x2  
  116  9:20  Probe  
  116  9:21  Protoss Ground Weapons Level 2 (Chrono Boost)  
  116  9:22  Probe x2  
  116  9:23  Stalker x2  
  121  9:33  Probe  
  121  9:34  Probe  
  121  9:35  Probe  
  126  9:46  Disruptor (Chrono Boost)  
  126  9:57  Stalker x2  
  130  10:00  Disruptor (Chrono Boost)  
  130  10:06  Nexus  
  130  10:08  Pylon  
  125  10:16  Observer (Chrono Boost)  
  125  10:20  Dark Shrine, Zealot x2  
  125  10:21  Zealot x2  
  132  10:29  Disruptor (Chrono Boost)  
  132  10:30  Disruptor  
  131  10:37  Stalker x6  
  119  10:52  Zealot x4  
  114  11:01  Zealot x4  
  109  11:05  Disruptor (Chrono Boost)  
  106  11:18  Stalker x5  
  98  11:29  Disruptor (Chrono Boost)  
  98  11:31  Shadow Stride (Chrono Boost)  
  101  11:37  Dark Templar  
  103  11:43  Protoss Ground Weapons Level 3 (Chrono Boost)  
  103  11:45  Nexus  
  103  11:46  Sentry x2  
  103  11:47  Pylon  
  107  11:56  Dark Templar  
  107  11:59  Probe x2  
  107  12:00  Dark Templar  
  113  12:04  Disruptor  
  113  12:06  Shield Battery  
  116  12:10  Disruptor  
  119  12:19  Shield Battery  
  119  12:21  Stalker  
  119  12:22  Pylon  
  121  12:32  Stalker x2  
  121  12:33  Stalker  
  127  12:44  Disruptor  
  127  12:45  Zealot  
  127  12:46  Probe  
  131  12:51  Stalker x2  
  131  12:52  Stalker  
  133  13:05  Disruptor  
  133  13:10  Dark Templar x4  
  144  13:24  Pylon  
  147  13:28  Disruptor (Chrono Boost)  
  147  13:46  Disruptor (Chrono Boost)  
  148  13:53  Nexus  
  146  13:55  Shield Battery  
  146  13:56  Zealot  
  149  14:03  Zealot x9  
  149  14:07  Observer (Chrono Boost)  
  167  14:15  Protoss Ground Armor Level 2 (Chrono Boost)  
  170  14:17  Pylon  
  170  14:22  Pylon  
  168  14:24  Observer x2  
  168  14:31  Stalker  
  170  14:42  Zealot x5  
  180  14:50  Dark Templar x2  
  146  15:04  Stalker x8  
  160  15:19  Pylon  
  160  15:21  Pylon  
  160  15:23  Pylon  
  160  15:24  Pylon  
  160  15:25  Pylon  
  160  15:31  Nexus  
  160  15:37  Colossus x2  
  160  15:42  Dark Templar x2  
  174  15:51  Dark Templar x2  
  174  15:54  Observer  
  176  16:04  Zealot x5  
  184  16:17  Gravitic Boosters (Chrono Boost)  
  177  16:29  Dark Templar x3  
  177  16:31  Observer x2  
  185  16:35  Assimilator  
  185  16:38  Assimilator  
  185  16:44  Zealot x4  
  187  16:47  Pylon  
  181  16:58  Observer  
  179  17:01  Nexus  
  179  17:03  Protoss Ground Armor Level 3  
  179  17:06  Gravitic Drive  
  175  17:09  Warp Prism (Chrono Boost)  
  175  17:24  Pylon  
  175  17:27  Dark Templar x4  
  183  17:31  Probe  
  183  17:32  Probe x4  
  183  17:34  Pylon  
  183  17:37  Dark Templar, Photon Cannon  
  188  17:38  Shield Battery  
  190  17:48  Dark Templar  
  190  17:50  Photon Cannon  
  192  17:53  Photon Cannon  
  192  17:55  Shield Battery  
  126  18:14  Disruptor (Chrono Boost)  
  126  18:17  Dark Templar  
  126  18:18  Zealot x7  
  126  18:19  Zealot  
  125  18:21  Disruptor (Chrono Boost)  
  101  18:39  Stalker x7  
  107  18:50  Stalker x2  
  107  18:51  Stalker  
  107  18:53  Disruptor  
  110  19:00  Observer  
  110  19:01  Observer  
  106  19:07  Disruptor  
  107  19:18  Nexus, Pylon  
  106  19:25  Probe  
  106  19:29  Zealot x6  
  119  19:31  Pylon  
  119  19:34  Disruptor  
  119  19:36  Observer  
  122  19:42  Disruptor  
  115  19:55  Dark Templar  
  115  19:59  Sentry  
  119  20:02  Dark Templar  
  120  20:09  Dark Templar  
  120  20:14  Dark Templar  
  121  20:18  Archon  
  121  20:20  Observer  
  119  20:30  Stalker x3  
  119  20:37  Nexus  
  96  20:44  Stalker x3  
Show
View Real Time Build Order
Export as new Build Order

Ryung Terran - Winner!

Build Orders: Reaper Expand 

Get SALT Encoding   

  12  0:00  SCV  
  13  0:12  SCV  
  14  0:17  Supply Depot  
  14  0:24  SCV  
  15  0:38  SCV  
  15  0:39  Barracks  
  16  0:43  Refinery  
  16  0:50  SCV  
  17  1:02  SCV  
  18  1:05  Supply Depot  
  18  1:15  SCV  
  19  1:27  Reaper  
  19  1:28  Orbital Command  
  20  1:50  Command Center  
  20  1:54  SCV  
  21  2:04  Barracks Reactor  
  21  2:06  SCV  
  22  2:08  Barracks  
  22  2:17  Barracks  
  22  2:18  SCV  
  23  2:30  SCV  
  24  2:41  Marine x2  
  24  2:42  SCV  
  27  2:45  Refinery  
  27  2:54  SCV  
  27  2:56  Barracks Tech Lab  
  27  2:57  Engineering Bay  
  28  2:59  Marine  
  28  3:00  Marine  
  28  3:02  Orbital Command  
  28  3:05  Barracks Tech Lab  
  30  3:06  SCV  
  31  3:15  Stimpack  
  31  3:18  SCV  
  31  3:19  Marine x3  
  35  3:21  Orbital Command  
  35  3:27  Terran Infantry Weapons Level 1  
  35  3:30  SCV  
  36  3:37  Supply Depot  
  36  3:38  Marine x3  
  36  3:40  Marine  
  40  3:44  SCV  
  40  3:45  Combat Shield  
  40  3:48  SCV  
  42  3:53  Supply Depot  
  42  4:00  SCV x2  
  43  4:03  Marine  
  43  4:08  Factory  
  46  4:12  SCV  
  46  4:13  SCV  
  46  4:16  Marauder x2, Marine  
  51  4:21  Marine  
  52  4:24  SCV  
  52  4:25  SCV  
  52  4:30  Supply Depot  
  54  4:36  SCV  
  54  4:37  SCV  
  56  4:40  Marauder x2  
  56  4:43  Marine  
  56  4:44  Refinery  
  56  4:45  Marine  
  61  4:48  SCV  
  61  4:52  SCV, Factory Reactor, Starport  
  63  4:57  Supply Depot  
  63  4:59  Concussive Shells  
  63  5:00  SCV  
  63  5:04  SCV  
  65  5:08  Marauder x2, Marine  
  70  5:18  Refinery, Marine  
  65  5:22  SCV x2  
  65  5:26  Terran Infantry Armor Level 1  
  65  5:28  Supply Depot, Marine  
  66  5:34  SCV x2  
  73  5:35  Marine  
  73  5:37  Marine  
  73  5:38  Medivac, Marine  
  73  5:41  Supply Depot  
  74  5:44  Medivac  
  74  5:46  SCV  
  74  5:47  SCV  
  78  5:50  Factory Reactor  
  78  5:52  Supply Depot  
  78  5:54  Marine x2  
  78  5:55  Marine x2  
  82  6:01  Command Center  
  82  6:08  Medivac  
  85  6:11  SCV x2  
  85  6:13  Marine  
  85  6:14  Medivac, Marine  
  85  6:15  Marine  
  85  6:16  Marine  
  92  6:24  Barracks  
  92  6:25  Barracks  
  92  6:27  Widow Mine x2  
  92  6:31  Supply Depot  
  96  6:34  Marine x2  
  96  6:35  Marauder x2  
  102  6:48  Armory  
  102  6:52  SCV  
  102  6:53  SCV, Widow Mine x2  
  106  6:55  Medivac  
  106  6:56  Medivac  
  106  7:00  Marauder  
  109  7:07  Marine  
  110  7:11  Supply Depot  
  110  7:13  Marauder, Marine  
  113  7:16  Orbital Command  
  113  7:17  SCV x2  
  113  7:18  Barracks Tech Lab  
  113  7:19  Barracks Reactor  
  113  7:20  Widow Mine x2  
  113  7:22  Marauder  
  121  7:29  SCV x2, Marine  
  124  7:31  Marine  
  125  7:43  Marauder x2, Marine  
  123  7:47  Marine  
  120  7:51  Medivac, Widow Mine x2  
  120  7:53  SCV x3  
  120  7:54  Terran Infantry Weapons Level 2  
  120  7:55  Marine x2  
  120  7:56  Marine  
  128  8:01  Marine  
  128  8:04  Marine x3  
  114  8:13  Marine x3  
  114  8:15  SCV x3  
  114  8:17  Widow Mine  
  114  8:18  Widow Mine  
  114  8:19  Marine  
  121  8:27  Ghost Academy, Refinery, Marauder, SCV x3  
  121  8:28  Refinery, Marauder  
  121  8:33  Supply Depot  
  121  8:34  Marine x4  
  130  8:38  Supply Depot  
  130  8:40  Supply Depot  
  132  8:46  Supply Depot  
  132  8:47  Supply Depot  
  132  8:52  Supply Depot  
  132  8:55  Widow Mine x2  
  136  8:56  Ghost x2  
  136  8:59  Ghost  
  141  9:05  SCV x2  
  141  9:07  Marine x2  
  141  9:08  Marine x2  
  139  9:14  SCV  
  139  9:16  Widow Mine  
  138  9:17  SCV x2  
  138  9:20  Enhanced Shockwaves  
  140  9:30  Ghost x2  
  140  9:31  Ghost  
  144  9:40  Marine x4  
  148  9:57  Marine  
  148  9:58  Marine x2  
  155  10:00  Marauder x3  
  155  10:04  Viking  
  155  10:05  Viking  
  159  10:07  Command Center  
  159  10:16  Engineering Bay  
  159  10:17  Terran Infantry Armor Level 2  
  158  10:30  Marauder x2  
  158  10:35  Marauder, Marine x2  
  158  10:37  Viking x2  
  153  10:44  Marine  
  153  10:45  Marine  
  143  10:51  Marauder, Marine  
  143  10:53  Marine x2  
  143  10:56  Marauder  
  135  11:02  Marine  
  135  11:03  Marine  
  132  11:09  Marauder  
  132  11:11  Marine x2  
  120  11:13  Marauder  
  120  11:18  Marauder  
  114  11:20  Marine  
  114  11:21  Marine  
  112  11:28  SCV  
  112  11:29  SCV x2, Marine x2  
  112  11:30  Marine  
  116  11:33  Marine  
  116  11:37  Terran Infantry Weapons Level 3  
  116  11:38  Marine x2  
  119  11:43  Viking x2  
  121  11:49  Marauder x2, Marine x2  
  121  11:51  Marine  
  121  11:52  SCV x3  
  131  12:01  Planetary Fortress  
  131  12:03  Marine x2  
  131  12:04  SCV x3  
  136  12:12  Marauder x3  
  136  12:13  Terran Ship Weapons Level 1  
  144  12:22  SCV x3  
  149  12:30  Medivac  
  149  12:31  Medivac, Marine x2  
  149  12:32  Barracks x2, Marine x2  
  149  12:33  Barracks, Marine  
  149  12:34  SCV x2  
  149  12:35  SCV  
  157  12:41  Missile Turret  
  154  12:46  Ghost x2  
  156  12:54  Missile Turret  
  156  13:02  Marauder, Marine x4  
  160  13:11  Terran Infantry Armor Level 3  
  160  13:12  Widow Mine x2  
  164  13:15  Viking, Medivac  
  164  13:16  Marauder x2  
  172  13:23  Command Center, Marauder  
  172  13:36  Marine x4  
  172  13:37  Barracks Reactor, Barracks Tech Lab x2, Marauder x2  
  180  13:44  Marauder  
  178  13:53  Marine  
  178  13:54  Marine  
  179  13:56  Missile Turret  
  179  13:58  Marauder  
  179  13:59  Marauder  
  183  14:04  Sensor Tower  
  183  14:06  Marauder  
  183  14:07  Marauder x2  
  183  14:08  Personal Cloaking  
  189  14:12  Starport  
  189  14:14  SCV  
  189  14:15  SCV x2  
  192  14:19  Missile Turret  
  185  14:39  Marauder  
  185  14:40  Marauder x2, Marine x3  
  189  14:45  Marine  
  189  14:46  Marine  
  189  14:48  Marauder  
  181  14:55  Marauder  
  176  15:00  Widow Mine  
  176  15:01  Marauder  
  181  15:15  Fusion Core  
  181  15:17  Ghost x4  
  181  15:19  Medivac  
  181  15:20  Medivac  
  186  15:21  Refinery x2  
  186  15:22  Widow Mine  
  188  15:33  Missile Turret  
  188  15:38  Marauder  
  188  15:40  Marine  
  188  15:41  Marine x3  
  194  15:46  Marauder x2  
  198  15:56  Terran Ship Weapons Level 2  
  198  16:07  Planetary Fortress  
  197  16:12  Missile Turret  
  197  16:18  Advanced Ballistics  
  194  16:27  Marauder x5, Marine x4  
  194  16:30  Liberator x2  
  194  16:31  Liberator x2  
  199  16:38  SCV  
  199  16:39  SCV x2  
  198  16:40  SCV  
  198  16:42  Missile Turret  
  198  16:46  Marine  
  199  16:50  Marauder x3  
  199  16:51  SCV  
  199  16:52  Marine x2  
  199  16:53  Marine  
  195  16:54  Marauder x2  
  181  17:03  Marine x3  
  181  17:07  SCV x3  
  187  17:12  Marauder x3  
  187  17:13  Liberator  
  198  17:15  Marauder  
  198  17:19  Liberator  
  200  17:32  Sensor Tower  
  199  17:49  Command Center  
  199  17:53  Sensor Tower  
  199  17:56  Marauder x2  
  199  17:57  Marauder  
  194  18:05  Marauder x2  
  177  18:08  Marine x6  
  148  18:16  Liberator  
  148  18:18  Marauder x3  
  153  18:26  Marauder  
  153  18:27  Marauder, Marine  
  157  18:29  SCV x2  
  157  18:30  SCV, Marine x3  
  157  18:31  Marine  
  157  18:33  Marine  
  164  18:39  Marine x3  
  162  18:44  Marine  
  162  18:47  Marine x2  
  162  18:48  Command Center, Marine x3  
  166  18:49  Marine  
  166  18:54  Marine  
  166  18:56  Marine  
  166  18:57  Marauder, Marine  
  166  18:59  SCV x2  
  166  19:00  Missile Turret  
  166  19:02  SCV  
  167  19:17  Ghost  
  167  19:18  Ghost x2  
  167  19:20  Marine x2  
  175  19:30  Liberator  
  178  19:32  Liberator  
  175  19:57  Marine x6  
  181  20:10  Ghost  
  181  20:11  Ghost  
  181  20:16  Refinery  
  181  20:17  Refinery, Marauder x2  
  181  20:18  Marine x2  
  181  20:19  Marine  
  183  20:29  Marauder  
  183  20:30  Marine  
  183  20:33  Marine x2  
  187  20:38  Marauder x2  
  187  20:41  Marauder x2  
  172  20:43  Marine x2  
  171  20:51  Marauder  
  172  20:59  Marauder  
Tags
 
Add a new tag
Caveats
  • Supply blocks, unpowered buildings, or Contaminate may cause inaccurate times.
  • Supply counts are checked every 10 seconds.